cohdb
Replays
Latest Replays
All Replays
Popular Replays
Top Player Replays
Match Explorer
How It Works
Community
CoH3 Stats
Reddit
Sign in to upload your games and track your stats! →
Sign in with Steam
Match 43887899
Unlisted
Match 43887899
Overview
Messages
Build Orders
End
Vickers Machine Gun Team
Construct Section Command Post
Infantry Section
ML 3-inch Mortar Team
Vickers Machine Gun Team
Construct Field Infirmary
ML 3-inch Mortar Team
Infantry Section
Construct Platoon Command Post
Grenade Package
Selects Air and Sea Battlegroup
Selects Commando Section Paradrop
CMP 15cwt Truck
Selects Supply Surplus
Construct Resource Cache
6-pounder Anti-tank Gun Team
Selects M1 Pack Howitzer Paradrop
Vickers Machine Gun Team
Vickers Machine Gun Team
6-pounder Anti-tank Gun Team
Construct Company Command Post
JT9001
admiral_gnar
darack007
Dmitriy
Great Success!
michalcewicz85
斷腿流大師兄
KeRy0u_
0
0
Comments
sign in to comment!
No comments posted yet!